 Dungeon Crawl Stone Soup version 0.27.1-3-gb3d3a73c9e (webtiles) character file.

Game seed: 15963704003568234241

308 MisterFreud the Stinger (level 6, -2/44 HPs)
             Began as a Gnoll Venom Mage on Oct 8, 2021.
             Was a Believer of Elyvilon.
             Slain by Pikel (3 damage)
             ... on level 3 of the Dungeon.
             The game lasted 00:06:22 (4523 turns).

MisterFreud the Stinger (Gnoll Venom Mage)          Turns: 4523, Time: 00:06:23

Health: -2/44      AC:  2    Str:  7    XL:     6   Next: 40%
Magic:  12/14      EV: 17    Int: 16    God:    Elyvilon [**....]
Gold:   148        SH:  0    Dex: 13    Spells: 12/15 levels left

rFire    . . .     SeeInvis .   d - +0 dagger
rCold    . . .     Faith    .   (no shield)
rNeg     . . .     Spirit   .   a - +0 robe
rPois    .         Reflect  .   (no helmet)
rElec    .         Harm     .   (no cloak)
rCorr    +         Rampage  .   (no gloves)
Will     .....                  (no boots)
Stlth    +++.......             (no amulet)
HPRegen  0.14/turn              h - +4 ring of evasion
MPRegen  0.14/turn              x - ring of resist corrosion

@: no status effects
A: fangs 1, strong nose, distributed training
a: Renounce Religion, Lesser Healing, Heal Other, Divine Protection


You were on level 3 of the Dungeon.
You worshipped Elyvilon.
Elyvilon was pleased with you.
You visited 1 branch of the dungeon, and saw 4 of its levels.

You collected 148 gold pieces.

Inventory:

Hand Weapons
 d - a +0 dagger (weapon)
 u - a +0 dagger of holy wrath
Missiles
 q - 4 poisoned darts
 t - 4 boomerangs
Armour
 a - a +0 robe (worn)
Jewellery
 g - a ring of protection from cold
 h - a +4 ring of evasion (left hand)
 w - a ring of ice
 x - a ring of resist corrosion (right hand)
Scrolls
 b - a scroll of summoning {unknown}
 c - a scroll of brand weapon {unknown}
 f - 2 scrolls of identify {unknown}
 l - a scroll of enchant weapon {unknown}
 m - a scroll of teleportation {unknown}
 n - 2 scrolls of immolation {unknown}
 o - a scroll of noise {unknown}
 r - a scroll of fear {unknown}
 y - a scroll of fog {unknown}
Potions
 e - 3 potions of heal wounds {unknown}
 i - a potion of berserk rage {unknown}
 j - a potion of ambrosia {unknown}
 k - 2 potions of haste {unknown}
 p - a potion of attraction {unknown}
 s - a potion of curing {unknown}
 v - a potion of magic {unknown}


   Skills:
 + Level 2.0 Fighting
 + Level 2.0 Short Blades
 + Level 2.0 Long Blades
 + Level 2.0 Axes
 + Level 2.0 Maces & Flails
 + Level 2.0 Polearms
 + Level 2.0 Staves
 + Level 2.0 Slings
 + Level 2.0 Bows
 + Level 2.0 Crossbows
 + Level 2.0 Throwing
 + Level 2.0 Armour
 + Level 5.0 Dodging
 + Level 4.6 Stealth
 + Level 2.0 Shields
 + Level 2.0 Unarmed Combat
 + Level 5.3 Spellcasting
 + Level 1.5 Conjurations
 + Level 1.5 Hexes
 + Level 1.5 Summonings
 + Level 1.5 Necromancy
 + Level 1.5 Translocations
 + Level 2.6 Transmutations
 + Level 1.5 Fire Magic
 + Level 1.5 Ice Magic
 + Level 1.5 Air Magic
 + Level 1.5 Earth Magic
 + Level 5.6 Poison Magic
 + Level 2.1 Invocations
 + Level 2.0 Evocations


You had 12 spell levels left.
You knew the following spells:

 Your Spells              Type           Power      Damage    Failure   Level
a - Sting                 Tmut/Pois      68%        1d6       2%          1
b - Passwall              Tmut/Erth      9%         N/A       10%         2

Your spell library contained the following spells:

 Spells                   Type           Power      Damage    Failure   Level
 Poisonous Vapours        Pois/Air       30%        N/A       4%          2
 Mephitic Cloud           Conj/Pois/Air  13%        N/A       13%         3
 Olgreb's Toxic Radiance  Pois           22%        N/A       14%         4
 Frozen Ramparts          Ice            18%        1d3       24%         3
 Ozocubu's Armour         Ice            9%         N/A       24%         3
 Swiftness                Air            9%         N/A       24%         3
 Ice Form                 Ice/Tmut       11%        N/A       52%         4
 Summon Ice Beast         Ice/Summ       9%         N/A       61%         4
 Metabolic Englaciation   Hex/Ice        4%         N/A       91%         5
 Invisibility             Hex            4%         N/A       100%        6
 Simulacrum               Ice/Necr       4%         N/A       100%        6


Dungeon Overview and Level Annotations

Branches:
Dungeon (4/15)
 Temple: D:4-7

Altars:
Elyvilon

Annotations:
D:3 3 runed translucent doors, Pikel; hurston's ghost, amateur GrFi


Innate Abilities, Weirdness & Mutations

You have very sharp teeth.
Your uncanny sense of smell can sniff out nearby items.
Your experience applies equally to all skills.


Message History

y - a scroll labelled NEAFEOG BAXZIT You now have 148 gold pieces (gained 11).
Pikel the Slaver comes into view.
He is wielding a +1 whip of flaming.
Pikel is nearby!
A lemure comes into view.
The lemure shouts!
Pikel shouts!
Pikel says, "Hell isn't that bad."
A lemure comes into view. x2
A lemure comes into view.
Pikel closely misses you.
The lemure moves out of view.
There is an escape hatch in the ceiling here.
Pikel hits you with a +1 whip of flaming!
Pikel burns you. A mysterious force pulls you upwards.
The hatch slams shut behind you.
Level annotation: 3 runed translucent doors, hurston's ghost, amateur GrFi
Casting: Sting (safe; 2% risk of failure)
Confirm with . or Enter, or press ? or * to list all spells.
Aiming: Sting (safe; 2% risk of failure)
Press: ? - help, Shift-Dir - straight line, f - Pikel
Aim: Pikel, wielding a +1 whip of flaming and wearing a +0 robe (67% to hit)
The sting misses Pikel.
Pikel hits you with a +1 whip of flaming!
Pikel burns you.
Unknown command.
Casting: Sting (safe; 2% risk of failure)
Confirm with . or Enter, or press ? or * to list all spells.
Aiming: Sting (safe; 2% risk of failure)
Press: ? - help, Shift-Dir - straight line, f/p - Pikel
Aim: Pikel, wielding a +1 whip of flaming and wearing a +0 robe (67% to hit)
The sting hits Pikel but does no damage.
Pikel is poisoned.
Pikel hits you with a +1 whip of flaming!
* * * LOW HITPOINT WARNING * * *
Pikel burns you.
* * * LOW HITPOINT WARNING * * *
Pikel completely misses you.
Pikel hits you with a +1 whip of flaming!
* * * LOW HITPOINT WARNING * * *
Pikel burns you.
You die...

# ############# ............#
###########.# ######## #.# #####
#......# #.# #...#
#......####.####...##############
'......'.......'...'.............
#......###....##@..####.###(#####
####....)'....##.K.# #.#...#
####'#####....##...# #.#.#######
#.......##....##...# #..........
#.......########...# ###.#######
#.......# #...# #........
#.......# ##### #########
#.......###### #########
####.........############.......#


You could see Pikel (poisoned).

Vanquished Creatures
  A howler monkey (D:4)
  2 hounds (D:4)
  2 orc wizards (D:3)
  7 adders
  An adder skeleton (D:4)
  A worm (D:3)
  2 dart slugs
  6 orcs (D:3)
  5 bats
  4 endoplasms
  2 giant cockroaches
  9 goblins
  8 hobgoblins
  14 jackals
  9 ball pythons
  6 frilled lizards
  7 kobolds
  5 rats
91 creatures vanquished.

Notes
Turn   | Place    | Note
-------+----------+-------------------------------------------
     0 | D:1      | MisterFreud the Gnoll Venom Mage began the quest for the
                  | Orb.
     0 | D:1      | Reached XP level 1. HP: 13/13 MP: 6/6
   357 | D:1      | Reached XP level 2. HP: 16/19 MP: 2/7
   592 | D:1      | Learned a level 2 spell: Passwall
   625 | D:1      | Reached XP level 3. HP: 14/25 MP: 1/9
   936 | D:1      | Reached skill level 5 in Spellcasting
  1360 | D:1      | Found a faded altar of an unknown god.
  1490 | D:1      | Became a worshipper of Elyvilon the Healer
  1490 | D:1      | Reached * piety under Elyvilon
  1580 | D:2      | Reached skill level 1 in Invocations
  1755 | D:2      | Reached skill level 1 in Fighting
  1755 | D:2      | Reached skill level 1 in Short Blades
  1755 | D:2      | Reached skill level 1 in Long Blades
  1755 | D:2      | Reached skill level 1 in Axes
  1755 | D:2      | Reached skill level 1 in Maces & Flails
  1755 | D:2      | Reached skill level 1 in Polearms
  1755 | D:2      | Reached skill level 1 in Staves
  1755 | D:2      | Reached skill level 1 in Slings
  1755 | D:2      | Reached skill level 1 in Bows
  1755 | D:2      | Reached skill level 1 in Crossbows
  1755 | D:2      | Reached skill level 1 in Throwing
  1755 | D:2      | Reached skill level 1 in Armour
  1755 | D:2      | Reached skill level 1 in Shields
  1755 | D:2      | Reached skill level 1 in Unarmed Combat
  1755 | D:2      | Reached skill level 1 in Evocations
  1971 | D:2      | Reached XP level 4. HP: 32/32 MP: 4/11
  2696 | D:3      | Reached ** piety under Elyvilon
  2747 | D:3      | Reached skill level 1 in Conjurations
  2747 | D:3      | Reached skill level 1 in Hexes
  2747 | D:3      | Reached skill level 1 in Summonings
  2747 | D:3      | Reached skill level 1 in Necromancy
  2747 | D:3      | Reached skill level 1 in Translocations
  2747 | D:3      | Reached skill level 1 in Fire Magic
  2747 | D:3      | Reached skill level 1 in Ice Magic
  2747 | D:3      | Reached skill level 1 in Air Magic
  2747 | D:3      | Reached skill level 1 in Earth Magic
  2764 | D:3      | Reached XP level 5. HP: 20/37 MP: 4/12
  3095 | D:3      | Found a runed translucent gate.
  3096 | D:3      | Found a runed translucent gate.
  3097 | D:3      | Found a runed translucent gate.
  3098 | D:3      | Noticed hurston's ghost (amateur GrFi)
  4235 | D:4      | Reached XP level 6. HP: 38/44 MP: 11/13
  4325 | D:4      | Reached skill level 5 in Dodging
  4513 | D:4      | Noticed Pikel
  4523 | D:3      | HP: 1/44 [Pikel (9)]
  4523 | D:3      | Slain by Pikel

Illustrated notes

Levels and vault maps discovered:
D:1:      minmay_arrival_widening_spiral_wide, layout_loops_ring,
          shapermc_ecumenical_altar_mp_highgroup
D:2:      layout_basic, ebering_dispersal_statue_hall, st_stairs_8
D:3:      layout_basic, gammafunk_ghost_split, kennysheep_generic_room_14
D:4:      layout_rooms, grunt_temple_overflow_open, uniq_ijyb, uniq_menkaure,
          uniq_pikel

Skill      XL: |  1  2  3  4  5  6 |
---------------+-------------------+-----
Transmutations | 2 |  2.6
Spellcasting   | 5 |  5.3
Invocations    | 1 2 |  2.1
Fighting       | 1 2 |  2.0
Short Blades   | 1 2 |  2.0
Long Blades    | 1 2 |  2.0
Axes           | 1 2 |  2.0
Maces & Flails | 1 2 |  2.0
Polearms       | 1 2 |  2.0
Staves         | 1 2 |  2.0
Slings         | 1 2 |  2.0
Bows           | 1 2 |  2.0
Crossbows      | 1 2 |  2.0
Throwing       | 1 2 |  2.0
Armour         | 1 2 |  2.0
Shields        | 1 2 |  2.0
Unarmed Combat | 1 2 |  2.0
Evocations     | 1 2 |  2.0
Conjurations   | 1 |  1.5
Hexes          | 1 |  1.5
Summonings     | 1 |  1.5
Necromancy     | 1 |  1.5
Translocations | 1 |  1.5
Fire Magic     | 1 |  1.5
Ice Magic      | 1 |  1.5
Air Magic      | 1 |  1.5
Earth Magic    | 1 |  1.5
Dodging        | 5 |  5.0
Stealth        | |  4.6
Poison Magic   | |  5.6

Action                   |  1- 3 |  4- 6 || total
-------------------------+-------+-------++-------
Melee: Unarmed           |     7 |       ||     7
       Dagger            |    40 |    85 ||   125
       Bite              |     6 |     6 ||    12
 Cast: Sting             |    60 |    63 ||   123
 Stab: Sleeping          |     6 |    12 ||    18
Armor: Robe              |     8 |     9 ||    17
Dodge: Dodged            |    51 |    98 ||   149
